 Dungeon Crawl Stone Soup version 0.29-a0-323-g050149af67 (webtiles) character file.

Game seed: 5912073050033044878

86 freelancePsychic the Stinger (level 4, -3/24 HPs)
             Began as a Tengu Venom Mage on Apr 11, 2022.
             Killed from afar by an orc wizard (9 damage)
             ... with a magic dart
             ... on level 2 of the Dungeon.
             The game lasted 00:04:26 (2189 turns).

freelancePsychic the Stinger (Tengu Venom Mage)     Turns: 2189, Time: 00:04:27

Health: -3/24      AC:  2    Str:  7 (8)  XL:     4   Next: 50%
Magic:  3/9        EV: 12    Int: 20 (23) God:
Gold:   174        SH:  0    Dex: 13 (15) Spells: 5/8 levels left

rFire   . . .      SeeInvis .   l - +2 dagger (holy)
rCold   . . .      Faith    .   (no shield)
rNeg    . . .      Spirit   .   a - +0 robe
rPois   .          Reflect  .   (helmet restricted)
rElec   .          Harm     .   (no cloak)
rCorr   .          Rampage  .   (no gloves)
Will    .....                   (boots unavailable)
Stlth   ++........              (no amulet)
HPRegen 0.08/turn               d - +6 ring of intelligence
MPRegen 0.11/turn               (no ring)

@: weak-willed
A: beak, talons 3
a: no special abilities


You were on level 2 of the Dungeon.
You visited 1 branch of the dungeon, and saw 2 of its levels.

You collected 174 gold pieces.

Inventory:

Hand Weapons
 g - a +0 dagger
 l - a +2 dagger of holy wrath (weapon)
Armour
 a - a +0 robe (worn)
Jewellery
 d - a +6 ring of intelligence (left hand)
 f - a ring of fire
 i - a +6 ring of dexterity
Scrolls
 c - a scroll of immolation
Potions
 m - a potion of brilliance {unknown}


   Skills:
 - Level 2.1 Dodging
 - Level 2.0 Stealth
 + Level 2.7 Spellcasting
 - Level 0.7 Transmutations
 - Level 1.9 Air Magic
 * Level 4.3 Poison Magic


You had 5 spell levels left.
You knew the following spells:

 Your Spells              Type           Power      Damage    Failure   Level
a - Sting                 Tmut/Pois      48%        1d5       5%          1
b - Poisonous Vapours     Pois/Air       30%        N/A       6%          2

Your spell library contained the following spells:

 Spells                   Type           Power      Damage    Failure   Level
 Beastly Appendage        Tmut           10%        N/A       11%         1
 Wereblood                Tmut           5%         N/A       16%         2
 Spider Form              Tmut/Pois      12%        N/A       16%         3
 Mephitic Cloud           Conj/Pois/Air  11%        N/A       19%         3
 Olgreb's Toxic Radiance  Pois           20%        N/A       24%         4


Dungeon Overview and Level Annotations

Branches:
Dungeon (2/15)

Altars:


Innate Abilities, Weirdness & Mutations

You have a beak for a mouth.
You have claws for feet.


Message History

Wisps of shadow whirl around you...
The orc hits your dart slug with a +0 trident.
Something closely misses your quokka.
Your bat barely misses something.
Your bat hits something but does no damage.
Your bat hits something.
The orc hits your dart slug with a +0 trident.
Something hits your quokka.
Your bat misses something.
Your bat hits something but does no damage.
Your dart slug bites the orc.
Something hits your bat.
Casting: Poisonous Vapours (safe; 6% risk of failure)
Confirm with . or Enter, or press ? or * to list all spells.
Aiming: Poisonous Vapours (safe; 6% risk of failure)
Press: ? - help, Dir - move target Poisonous vapours surround something!
Your bat barely misses something.
Your dart slug launches a dart at the orc.
The slug dart hits something.
Something closely misses your quokka.
Casting: Poisonous Vapours (safe; 6% risk of failure)
Confirm with . or Enter, or press ? or * to list all spells.
Aiming: Poisonous Vapours (safe; 6% risk of failure)
Press: ? - help, Dir - move target Poisonous vapours surround something!
Your bat hits something.
A magic dart appears from out of thin air!
The magic dart hits your dart slug!
Your dart slug dies!
Your dart slug's corpse dissolves into shadows!
You hear some strange, mumbled words.
A puff of flame appears from out of thin air!
The puff of flame hits your quokka.
Your quokka dies!
Your quokka's corpse dissolves into shadows!
Casting: Poisonous Vapours (safe; 6% risk of failure)
Confirm with . or Enter, or press ? or * to list all spells.
Aiming: Poisonous Vapours (safe; 6% risk of failure)
Press: ? - help, Dir - move target Poisonous vapours surround something!
A magic dart appears from out of thin air!
The magic dart hits you!
You die...

########### #<........#
#.........# #.<.......###### #
#............b.############ ####
#............#{.@.w{o.....####§.§
#............###########.....§§§P
#....#.....#.)## ##.....###..P.§
#...###...###).####..##### ##..§.
###..#..#..#........###########..
...............####......o....###
...##...#...##.## ###########..##
...#...###...#... ##..#
.##..#.....#..###. #.o.


You could see an orc (weak-willed, ally target), a friendly dart slug (summoned)
and a friendly bat (summoned).

Vanquished Creatures
  An orc priest (D:2)
  An adder (D:2)
  An adder skeleton (D:2)
  A worm (D:2)
  3 orcs
  2 ball pythons
  A bat zombie (D:2)
  4 endoplasms
  5 goblins
  4 hobgoblins
  3 kobolds
  A quokka (D:2)
  A ball python skeleton (D:2)
  A ball python zombie (D:2)
  5 bats
  4 frilled lizards
  A quokka skeleton (D:2)
  2 rats
41 creatures vanquished.

Vanquished Creatures (others)
  2 withered plants (D:2)
2 creatures vanquished.

Grand Total: 43 creatures vanquished

Notes
Turn   | Place    | Note
-------+----------+-------------------------------------------
     0 | D:1      | freelancePsychic the Tengu Venom Mage began the quest for
                  | the Orb.
     0 | D:1      | Reached XP level 1. HP: 10/10 MP: 4/4
   477 | D:1      | Reached XP level 2. HP: 15/15 MP: 6/6
   612 | D:1      | Reached skill level 1 in Air Magic
  1189 | D:2      | Learned a level 2 spell: Poisonous Vapours
  1239 | D:2      | Reached XP level 3. HP: 19/19 MP: 7/7
  1903 | D:1      | Reached skill level 4 in Poison Magic
  2126 | D:2      | Reached XP level 4. HP: 24/24 MP: 1/8
  2145 | D:2      | HP: 1/24 [something/puff of flame (10)]
  2189 | D:2      | Killed from afar by an orc wizard

Illustrated notes

Levels and vault maps discovered:
D:1:      minmay_arrival_shattered_statue, layout_loops_ring
D:2:      cheibrodos_pilgrimage, layout_rooms, serial_undead, serial_undead_b,
          serial_undead_a, serial_undead_d, serial_undead_d, serial_undead_e,
          serial_undead_c, minmay_strange_pillars, grunt_decor_mini_mirrors

Skill      XL: |  1  2  3 |
---------------+----------+-----
Air Magic      | 1 |  1.9
Poison Magic   | 4 |  4.3
Dodging        | |  2.1
Stealth        | |  2.0
Spellcasting   | |  2.7
Transmutations | |  0.7

Action                   |  1- 3 |  4- 6 || total
-------------------------+-------+-------++-------
Melee: Dagger            |    47 |     5 ||    52
       Kick              |     8 |     3 ||    11
       Peck              |     7 |       ||     7
 Cast: Sting             |    41 |       ||    41
       Poisonous Vapours |    15 |     5 ||    20
  Use: Scroll            |     1 |     4 ||     5
       Potion            |       |     3 ||     3
 Stab: Sleeping          |     2 |       ||     2
Armor: Robe              |    13 |     2 ||    15
Dodge: Dodged            |    52 |     4 ||    56

Table legend: (Time is in decaauts)
 A = Elapsed time spent in this place.
 B = Non-inter-level travel time spent in this place.
 C = Inter-level travel time spent in this place.
 D = Time resting spent in this place.
 E = Time spent auto-exploring this place.
 F = Levels seen in this place.
 G = Mean time per level.
                   A        B        C        D        E       F      G
               +--------+--------+--------+--------+--------+-----+--------+
         Total |   2188 |   2146 |     42 |    159 |   1626 |   2 | 1094.0 |
       Dungeon |   2188 |   2146 |     42 |    159 |   1626 |   2 | 1094.0 |
               +--------+--------+--------+--------+--------+-----+--------+

Top non-repeatable levels by time:
     D:1: 1207 daAuts
     D:2: 980 daAuts
